 Dungeon Crawl Stone Soup version 0.26-a0-664-gc8b27b8fc1 (webtiles) character file.

Game seed: 18137698734727141167

487 PentaManta the Ducker (level 6, -3/32 HPs)
             Began as a Spriggan Berserker on Oct 13, 2020.
             Was a Priest of Trog.
             Slain by a wyvern skeleton (11 damage)
             ... on level 7 of the Dungeon.
             The game lasted 00:05:52 (3465 turns).

PentaManta the Ducker (Spriggan Berserker)          Turns: 3465, Time: 00:05:53

Health: -3/32      AC: -2    Str: 13    XL:     6   Next: 89%
Magic:  7/7        EV: 22    Int:  8    God:    Trog [***...]
Gold:   99         SH:  0    Dex: 18    Spells: 5/5 levels left

rFire    . . .     SeeInvis +   a - +0 short sword
rCold    . . .     Faith    .   (shield restricted)
rNeg     . . .     Spirit   .   b - +0 animal skin
rPois    .         Reflect  .   (helmet restricted)
rElec    .         Harm     .   (no cloak)
rCorr    .         Rampage  .   (gloves unavailable)
MR       +++..                  (boots unavailable)
Stlth    +++.......             (no amulet)
HPRegen  1.10/turn              (no ring)
MPRegen  0.10/turn              (no ring)

@: corroded, regenerating, very quick
A: very small, unfitting armour, see invisible, speed 3
a: Berserk, Trog's Hand, Renounce Religion


You were on level 7 of the Dungeon.
You worshipped Trog.
Trog was most pleased with you.
You visited 1 branch of the dungeon, and saw 6 of its levels.

You collected 99 gold pieces.

Inventory:

Hand Weapons
 a - a +0 short sword (weapon)
 c - a +0 dagger
 g - a +0 hunting sling
Missiles
 h - 83 stones (quivered)
Armour
 b - a +0 animal skin (worn)
Wands
 i - a wand of paralysis (2)
 r - a wand of polymorph (9)
Scrolls
 d - 2 scrolls of identify
 e - a scroll of teleportation
 f - 2 scrolls of remove curse {unknown}
 k - 2 scrolls of noise {unknown}
 n - a scroll of immolation {unknown}
 p - 2 scrolls of fog {unknown}
Potions
 j - 2 potions of lignification {unknown}
 l - a potion of flight {unknown}
 m - a potion of heal wounds {unknown}
 o - a potion of degeneration {unknown}
 q - a potion of cancellation {unknown}


   Skills:
 + Level 3.6 Fighting
 * Level 6.0 Short Blades
 + Level 6.4 Dodging
 + Level 4.7 Stealth


You had 5 spell levels left.
You didn't know any spells.
Your spell library was empty.

Dungeon Overview and Level Annotations

Branches:
Dungeon (7/15)
 Temple: D:4-7

Altars:
Fedhas


Innate Abilities, Weirdness & Mutations

You are very small and have problems with some larger weapons.
You are too small for most types of armour.
You have supernaturally acute eyesight. (SInv)
You cover ground extremely quickly.


Message History

A wyvern skeleton comes into view.
You hit the jelly.
You kill the jelly!
Trog accepts your kill.
Your Short Blades skill increases to level 6!
There is a stone staircase leading up here.
Your skin crawls.
You feel resistant to hostile enchantments.
You hit the wyvern skeleton but do no damage.
The wyvern skeleton bites you.
* * * LOW HITPOINT WARNING * * *
You hit the wyvern skeleton but do no damage.
The wyvern skeleton completely misses you.
You hit the wyvern skeleton.
The wyvern skeleton is lightly damaged.
The wyvern skeleton closely misses you.
You hit the wyvern skeleton.
The wyvern skeleton is lightly damaged.
The wyvern skeleton bites you!
You die...

. .. #### ...
... .... ####.#
.....##@Z[.####
#..........#
#..........#
#.............
#..[..........
###.####.#....
#. .#.... #. .#
... #.


You could see a wyvern skeleton.

Vanquished Creatures
  Sigmund (D:2)
  A centaur (D:6)
  A jelly (D:7)
  Ijyb (D:2)
  An orc wizard (D:4)
  Terence (D:3)
  4 adders (D:2)
  2 oozes
  2 adder skeletons (D:4)
  A worm (D:3)
  2 dart slugs
  2 leopard geckos (D:1)
  4 orcs
  3 giant cockroaches
  16 goblins
  9 hobgoblins
  5 jackals
  5 kobolds
  A quokka (D:4)
  A ball python (D:2)
  14 bats
  6 frilled lizards
  8 rats
91 creatures vanquished.

Notes
Turn   | Place    | Note
-------+----------+-------------------------------------------
     0 | D:1      | PentaManta the Spriggan Berserker began the quest for the
                  | Orb.
     0 | D:1      | Reached XP level 1. HP: 11/11 MP: 2/2
   168 | D:1      | Reached skill level 1 in Stealth
   177 | D:1      | Reached XP level 2. HP: 15/16 MP: 3/3
   516 | D:1      | Reached ** piety under Trog
   724 | D:1      | Reached XP level 3. HP: 19/19 MP: 4/4
   937 | D:2      | Reached skill level 5 in Dodging
  1179 | D:2      | Reached XP level 4. HP: 23/23 MP: 5/5
  1399 | D:2      | Noticed Ijyb
  1430 | D:2      | Killed Ijyb
  1692 | D:2      | Noticed Sigmund
  1701 | D:2      | Killed Sigmund
  1701 | D:2      | Reached skill level 5 in Short Blades
  1701 | D:2      | Reached XP level 5. HP: 28/28 MP: 6/6
  1701 | D:2      | Reached XP level 6. HP: 32/32 MP: 7/7
  2126 | D:3      | Reached *** piety under Trog
  2670 | D:3      | Noticed Terence
  2683 | D:3      | Killed Terence
  3057 | D:4      | Found a blossoming altar of Fedhas.
  3220 | D:4      | You fall into a shaft and drop 2 floors!
  3221 | D:6      | Noticed an orc warrior
  3465 | D:7      | Slain by a wyvern skeleton

Illustrated notes

Levels and vault maps discovered:
D:1:      lemuel_arrival_cross, layout_loops_cross, minmay_fountain_box
D:2:      kennysheep_the_goblin_king, layout_loops_cross, minmay_tripent,
          uniq_sigmund
D:3:      minmay_razor_zed, layout_basic, st_stairs_7, hex_intersection,
          uniq_terence
D:4:      layout_loops_ring, fedhas_bush_and_centaur_altar,
          ebering_ghost_rock_garden
D:6:      hangedman_cross_stitches, layout_loops_ring,
          grunt_temple_overflow_open, minmay_temple_entry_offerings,
          serial_glass, glass_columns_a, glass_columns_c, uniq_maggie
D:7:      wander_guarded_unrand_ratskin, layout_basic, trog_hazing_becter

Skill      XL: |  1  2  3  4  5  6 |
---------------+-------------------+-----
Stealth        | 1 2 4 |  4.7
Short Blades   | 4 5 6 |  6.0
Dodging        | 5 6 |  6.4
Fighting       | 3 |  3.6

Action                   |  1- 3 |  4- 6 || total
-------------------------+-------+-------++-------
Melee: Short sword       |   116 |   193 ||   309
Invok: Berserk           |     1 |     3 ||     4
       Trog's Hand       |       |     3 ||     3
  Use: Scroll            |       |     2 ||     2
 Stab: Sleeping          |     7 |    15 ||    22
Armor: Animal skin       |    20 |    13 ||    33
Dodge: Dodged            |   108 |   155 ||   263

Table legend: (Time is in decaauts)
 A = Elapsed time spent in this place.
 B = Non-inter-level travel time spent in this place.
 C = Inter-level travel time spent in this place.
 D = Time resting spent in this place.
 E = Time spent auto-exploring this place.
 F = Levels seen in this place.
 G = Mean time per level.
                   A        B        C        D        E       F      G
               +--------+--------+--------+--------+--------+-----+--------+
         Total |   2612 |   2594 |     18 |    313 |   1775 |   6 |  435.3 |
       Dungeon |   2612 |   2594 |     18 |    313 |   1775 |   6 |  435.3 |
               +--------+--------+--------+--------+--------+-----+--------+

Top non-repeatable levels by time:
     D:3: 796 daAuts
     D:2: 790 daAuts
     D:1: 670 daAuts
     D:7: 189 daAuts
     D:4: 132 daAuts
     D:6: 34 daAuts
